 Dungeon Crawl Stone Soup version 0.30-a0-711-gf4ac18a38d (webtiles) character file.

Game seed: 14386310362469600404

74952 nucleargodhead the Warrior (level 15, -4/155 HPs)
             Began as a Minotaur Berserker on Jan 22, 2023.
             Was a High Priest of Trog.
             Succumbed to a swamp dragon's blast of poison
             ... on level 1 of the Swamp.
             The game lasted 00:44:21 (19480 turns).

nucleargodhead the Warrior (Minotaur Berserker)    Turns: 19480, Time: 00:44:21

Health: -4/155     AC: 19    Str: 38    XL:     15   Next: 8%
Magic:  1/14       EV: 13    Int:  4    God:    Trog [*****.]
Gold:   1476       SH:  5    Dex: 15    Spells: 14/14 levels left

rFire   . . .      SeeInvis .    P - +5 battleaxe (vamp)
rCold   + . .      Faith    .    (shield currently unavailable)
rNeg    . . .      Spirit   +    R - +0 chain mail of the Pure Dreams {rC+ Dex+5}
rPois   .          Reflect  +    H - +2 hat of the Bear Spirit {Spirit, Bear, *Rage Will++}
rElec   .          Harm     .    u - scarf {shadows}
rCorr   .          Rampage  +    p - +2 pair of gloves {Str+3}
Will    +++..      Rage     20%  k - +0 pair of boots {rampage} Stlth
                                 B - amulet of reflection
HPRegen 0.45/turn                c - +4 ring of slaying
MPRegen 0.14/turn                b - +6 ring of strength

@: lethally poisoned (-4 -> -45), on berserk cooldown
A: horns 2, retaliatory headbutt
a: Renounce Religion, Berserk, Trog's Hand, Brothers in Arms


You were on level 1 of the Swamp.
You worshipped Trog.
Trog was extremely pleased with you.
You visited 5 branches of the dungeon, and saw 18 of its levels.
You also visited: Sewer and Bailey.

You collected 3185 gold pieces.
You spent 1709 gold pieces at shops.

Inventory:

Hand Weapons
 h - the +4 battleaxe of Qumemeas {heavy, Fly}
   (Trog gifted it to you on level 2 of the Orcish Mines)

   Fly:       It grants you flight.
 O - a +2 hand axe of freezing
 P - a +5 vampiric battleaxe (weapon)
 X - a +5 antimagic battleaxe
 Z - a +2 heavy lajatang
Missiles
 F - 4 throwing nets (quivered)
Armour
 k - a +0 pair of boots of rampaging (worn)
 p - a +2 pair of gloves of strength (worn)
 u - a scarf of shadows (worn)
 H - the +2 hat of the Bear Spirit (worn) {Spirit, Bear, *Rage Will++}
   (You bought it in a shop on level 2 of the Orcish Mines)

   Bear:      Going berserk makes the wearer tougher, and they're slowed less
   afterward.
   *Rage:     It berserks you when you make melee attacks (+20% chance).
   Will:      It greatly increases your willpower.
 R - the +0 chain mail of the Pure Dreams (worn) {rC+ Dex+5}
   (You bought it in a shop on level 8 of the Dungeon)

   Dex:       It affects your dexterity (+5).
   rC:        It protects you from cold.
Jewellery
 b - a +6 ring of strength (right hand)
 c - a +4 ring of slaying (left hand)
 r - a ring of positive energy
 B - an amulet of reflection (around neck)
 D - a ring of poison resistance
 G - a ring of resist corrosion
 Q - the ring of Yggiorph {rN+ Will+}
   (You found it on level 7 of the Dungeon)

   [ring of willpower]

   rN:        It protects you from negative energy.
   Will:      It increases your willpower.
Wands
 t - a wand of iceblast (18)
 T - a wand of mindburst (3)
 U - a wand of charming (15)
 W - a wand of digging (15)
Scrolls
 e - 2 scrolls of fog
 m - 3 scrolls of poison
 o - 3 scrolls of enchant armour
 q - a scroll of acquirement {unknown}
 s - 3 scrolls of magic mapping
 w - 6 scrolls of fear
 x - a scroll of blinking
 y - a scroll of torment {unknown}
 z - a scroll of summoning {unknown}
 C - a scroll of enchant weapon {unknown}
 E - 7 scrolls of teleportation
 L - 2 scrolls of brand weapon
 Y - a scroll of silence {unknown}
Potions
 a - a potion of berserk rage {unknown}
 d - 6 potions of heal wounds
 f - 5 potions of mutation
 g - 2 potions of resistance {unknown}
 i - 3 potions of magic {unknown}
 j - 4 potions of curing
 l - 4 potions of brilliance {unknown}
 n - 2 potions of invisibility {unknown}
 v - 4 potions of haste
 A - 2 potions of attraction {unknown}
 I - a potion of cancellation {unknown}
 J - 2 potions of lignification {unknown}
 K - 4 potions of degeneration {unknown}
 M - a potion of ambrosia {unknown}
 N - a potion of flight {unknown}
 S - a potion of might {unknown}
Miscellaneous
 V - a phantom mirror


   Skills:
 - Level 20.2 Fighting
 - Level 20.2 Axes
 + Level 13.1 Armour
 * Level 7.6 Dodging


You had 14 spell levels left.
You didn't know any spells.
Your spell library was empty.

Dungeon Overview and Level Annotations

Branches:
Dungeon (9/15)             Temple (0/1) D:5            Lair (5/5) D:9
  Swamp (1/4) Lair:2       Spider (1/4) Lair:3        Slime (0/5) Lair:5
    Orc (2/2) D:9             Elf (0/3) Orc:2         Sewer (visited)
 Bailey (visited)

Altars:
Elyvilon
Fedhas
Gozag
Makhleb
Okawaru
Vehumet
Wu Jian
Yredelemnul
Zin
The Shining One
Jiyva

Shops:
D:8 (=[![   Orc:1 *   Orc:2 *!=[

Portals:
Hell: Lair:5
Pandemonium: Orc:2

Annotations:
D:6 2 transporters, nucleargodhead's ghost, novice MiBe
Lair:3 1 runed translucent door, exclusion: oklob plant, Ryskou's ghost, journeyman DsFi


Innate Abilities, Weirdness & Mutations

You have a pair of horns on your head.
You reflexively headbutt those who attack you in melee.


Message History

The swamp dragon claws you but does no damage.
The swamp dragon barely misses you.
Your unstable footing causes you to fumble your attack.
You are engulfed in poison gas.
You are more poisoned.
* * * LOW HITPOINT WARNING * * *
x2 You feel extremely sick.
The swamp dragon breathes poison at you.
The blast of poison engulfs you but does no damage.
You are lethally poisoned!
You slash the swamp dragon!
You feel better.
The swamp dragon is severely wounded.
You are engulfed in poison gas.
You are more poisoned.
* * * LOW HITPOINT WARNING * * *
x2 You feel extremely sick.
The swamp dragon bites you but does no damage.
The swamp dragon claws you but does no damage.
The swamp dragon tramples you but does no damage.
You closely miss the swamp dragon. You headbutt the swamp dragon!
The swamp dragon is almost dead.
You are engulfed in poison gas.
You are more poisoned.
* * * LOW HITPOINT WARNING * * *
You feel yourself speed up.
* * * LOW HITPOINT WARNING * * *
You feel extremely sick. You block the swamp dragon's attack.
The swamp dragon claws you. The swamp dragon barely misses you.
You feel much better.
* * * LOW HITPOINT WARNING * * *
You feel extremely sick.
The swamp dragon breathes poison at you.
The blast of poison engulfs you!
You are more poisoned.
* * * LOW HITPOINT WARNING * * *
Blink to where?
Press: ? - help, Dir - move target
As you read the scroll of blinking, it crumbles to dust.
You die...

♣♣♣~~~~~..§~~...~..~~~~~§.♣
.♣..~~~~~)~~~..~♣~..~~~~.♣♣
.~..~~~~☼☼☼~§~~....~....♣♣
.♣~♣♣♣♣§♣D.§~~~§~~..♣♣♣♣♣
.~♣~♣~~♣♣☼☼~☼○~~~~~..~♣
.§...~♣ ♣°°☼☼~~~~~~...♣
♣♣.~.♣♣ ♣~☼~§........~♣♣♣
.)....♣ ♣♣.~..♣.♣.~~§~.~♣
.~.♣..♣ ♣...♣..@.~~~...♣
.~.♣.♣♣ ♣♣♣~.~~~..§~~..♣
♣>~§~~~~..~~.♣♣
....~~~~~~.~~~.♣
~~...~~~~~.~~~~♣
~~....~~~~§~~.♣♣
..~~..~~~~~~..♣
....~~~§~~~.♣
)♣.....~~~~.~♣


There were no monsters in sight!

Vanquished Creatures
  A fenstrider witch (Swamp:1)
  The ghost of Rumaargh the Prestidigitator, a journeyman NaFE of Cheibriados (Orc:1)
  2 orc warlords
  The ghost of NinjaNoafa the Thaumaturge, a journeyman DjCj of Ashenzari (Lair:2)
  Josephine (Lair:5)
  Harold (D:9)
  9 hydras
  2 ghost crabs (Lair:2)
  2 boulder beetles (Lair:4)
  Erolcha (Orc:1)
  A catoblepas (Lair:4)
  3 two-headed ogres
  6 death yaks
  5 orc high priests (Orc:2)
  2 spriggans (Swamp:1)
  2 sun demons
  2 goliath frogs (Swamp:1)
  A spriggan druid (Swamp:1)
  An obsidian statue (Orc:1)
  A wizard (Lair:5)
  A necromancer (Lair:3)
  6 orc knights
  A manticore (Lair:5)
  11 orc sorcerers
  A rust devil (Orc:2)
  An elephant (Lair:5)
  3 black mambas
  A demonic crawler (Spider:1)
  10 cane toads
  2 torpor snails
  3 orange demons (Lair:5)
  5 rime drakes
  3 red devils
  9 komodo dragons
  An ice devil (Lair:5)
  2 hellwings
  2 trolls
  A polar bear (Lair:5)
  17 blink frogs
  4 hornets
  6 dream sheep (Lair:4)
  A slime creature (Lair:5)
  3 jumping spiders
  6 wyverns
  A culicivora (Lair:3)
  5 wraiths
  A spectral komodo dragon (Lair:2)
  27 yaks
  A basilisk (Lair:5)
  2 steam dragons
  4 redbacks (Lair:3)
  3 wargs (Orc:1)
  5 swamp worms (Swamp:1)
  14 water moccasins
  3 black bears (D:9)
  3 hell hounds (Lair:5)
  A spectral blink frog (Lair:2)
  41 orc warriors
  2 ice beasts
  10 wolves
  6 ogres
  2 centaurs
  A phantom (D:6)
  3 kobold brigands
  A spectral wyvern (Lair:2)
  15 bullfrogs
  4 scorpions
  2 necrophages
  4 wights
  5 killer bees (D:8)
  2 electric eels
  3 howler monkeys
  22 orc priests
  3 gnoll boudas
  5 hounds
  6 jellies
  5 iguanas
  15 orc wizards
  A yak simulacrum (Lair:3)
  2 polar bear simulacra (Lair:3)
  5 wolf simulacra (Lair:3)
  20 gnolls
  12 adders
  5 river rats
  A shadow imp (D:6)
  4 white imps
  3 ufetubi
  2 worms (D:2)
  A dart slug (D:5)
  78 orcs
  3 ball pythons (Sewer)
  2 bats
  6 endoplasms
  6 giant cockroaches
  12 goblins
  11 hobgoblins
  2 jackals (Sewer)
  4 quokkas
  4 frilled lizards
  19 kobolds
  9 rats
  3 river rat simulacra (Lair:3)
  A butterfly (Lair:3)
588 creatures vanquished.

Vanquished Creatures (collateral kills)
  A goblin (Bailey)
1 creature vanquished.

Vanquished Creatures (others)
  54 fungi
  101 plants
155 creatures vanquished.

Grand Total: 744 creatures vanquished

Notes
Turn   | Place    | Note
-------+----------+-------------------------------------------
     0 | D:1      | nucleargodhead the Minotaur Berserker began the quest for
                  | the Orb.
     0 | D:1      | Reached XP level 1. HP: 19/19 MP: 0/0
   333 | D:1      | Reached XP level 2. HP: 22/27 MP: 1/1
   978 | D:2      | Reached XP level 3. HP: 30/34 MP: 2/2
  1239 | D:2      | Reached ** piety under Trog
  1504 | D:3      | Found a glowing silver altar of Zin.
  1515 | D:3      | Found a white marble altar of Elyvilon.
  1538 | D:3      | Found a faded altar of an unknown god.
  1727 | D:3      | Reached XP level 4. HP: 36/41 MP: 3/3
  1728 | D:3      | Reached skill level 5 in Fighting
  1728 | D:3      | Reached skill level 5 in Axes
  1738 | D:3      | Found a glowing drain.
  1742 | Sewer    | Entered a sewer
  1748 | Sewer    | Noticed a kobold brigand
  1773 | Sewer    | Killed a kobold brigand
  1774 | Sewer    | Reached XP level 5. HP: 49/49 MP: 4/4
  2018 | Sewer    | Reached XP level 6. HP: 56/57 MP: 5/5
  3655 | D:4      | Found a blossoming altar of Fedhas.
  3655 | D:4      | Found a basalt altar of Yredelemnul.
  3935 | D:5      | Entered Level 5 of the Dungeon
  3982 | D:5      | Reached XP level 7. HP: 66/66 MP: 6/6
  3986 | D:5      | Reached *** piety under Trog
  4277 | D:5      | Found a burning altar of Makhleb.
  4529 | D:5      | Found a staircase to the Ecumenical Temple.
  4672 | D:5      | Found an iron altar of Okawaru.
  4789 | D:6      | Found a transporter.
  4905 | D:6      | Reached XP level 8. HP: 72/77 MP: 7/7
  5238 | D:6      | Reached skill level 10 in Fighting
  5238 | D:6      | Reached skill level 10 in Axes
  5428 | D:6      | Found a transporter.
  5499 | D:6      | Noticed nucleargodhead's ghost (novice MiBe)
  5821 | D:7      | Reached XP level 9. HP: 85/86 MP: 8/8
  5934 | D:7      | Found a flagged portal.
  5938 | D:7      | Reached **** piety under Trog
  5944 | Bailey   | Entered a bailey
  6000 | Bailey   | Noticed an orc warlord
  6040 | Bailey   | Noticed an orc knight
  6048 | Bailey   | Killed an orc knight
  6167 | Bailey   | Found a runed translucent gate.
  6169 | Bailey   | Found a runed translucent gate.
  6170 | Bailey   | Found a runed translucent gate.
  6350 | Bailey   | Killed an orc warlord
  6411 | Bailey   | Reached XP level 10. HP: 99/99 MP: 9/9
  6592 | D:7      | Noticed a two-headed ogre
  6597 | D:7      | Killed a two-headed ogre
  6598 | D:7      | Reached XP level 11. HP: 102/105 MP: 10/10
  6733 | D:7      | Identified the ring of Yggiorph {rN+ Will+}
  7020 | D:8      | Noticed a two-headed ogre
  7050 | D:8      | Found Emanim's Antique Armour Emporium.
  7082 | D:8      | Bought a spiked chain mail for 266 gold pieces
  7082 | D:8      | Identified the +0 chain mail of the Pure Dreams {rC+ Dex+5}
                  | (You bought it in a shop on level 8 of the Dungeon)
  7105 | D:8      | Found Zehu's Firing Range.
  7161 | D:8      | Found Cayjawoz's Distillery.
  7169 | D:8      | Bought a potion of heal wounds for 65 gold pieces
  7218 | D:8      | Found Feisoxki's Jewellery Shop.
  7258 | D:8      | Killed a two-headed ogre
  7335 | D:8      | Found Elif Kus's Antique Armour Emporium.
  7389 | D:8      | Found a radiant altar of Vehumet.
  7390 | D:8      | Found a glowing golden altar of the Shining One.
  8188 | D:9      | Identified the +2 spear "Birinil" {elec, Int+3}
  8262 | D:9      | Found a staircase to the Orcish Mines.
  8449 | D:9      | Found a staircase to the Lair.
  8600 | D:9      | Noticed Harold
  8605 | D:9      | Killed Harold
  8683 | D:9      | Noticed a two-headed ogre
  8689 | D:9      | Killed a two-headed ogre
  9111 | Lair:1   | Entered Level 1 of the Lair of Beasts
  9330 | Lair:1   | Reached XP level 12. HP: 64/118 MP: 11/11
  9638 | Lair:1   | Reached skill level 15 in Fighting
  9638 | Lair:1   | Reached skill level 15 in Axes
 10399 | Lair:2   | Found a runed translucent door.
 10400 | Lair:2   | Noticed NinjaNoafa's ghost (journeyman DjCj)
 10678 | Lair:2   | Noticed a ghost crab
 10684 | Lair:2   | Killed a ghost crab
 10685 | Lair:2   | Noticed a ghost crab
 10698 | Lair:2   | Killed a ghost crab
 10861 | Lair:2   | Found a staircase to the Swamp.
 11043 | Lair:2   | Killed NinjaNoafa's ghost
 11326 | Lair:3   | Found a glowing silver altar of Zin.
 11442 | Lair:3   | Found a hole to the Spider Nest.
 12183 | Lair:3   | Noticed a five-headed hydra
 12185 | Lair:3   | Reached ***** piety under Trog
 12193 | Lair:3   | Killed an eight-headed hydra
 12400 | Lair:3   | Identified the +4 mace of Mifeckod {heavy, SInv}
 12804 | Lair:3   | Found a runed translucent door.
 12825 | Lair:3   | Noticed Ryskou's ghost (journeyman DsFi)
 13197 | Lair:4   | Noticed a catoblepas
 13205 | Lair:4   | Killed a catoblepas
 13206 | Lair:4   | Reached XP level 13. HP: 118/132 MP: 12/12
 13688 | Lair:4   | Received a gift from Trog
 13706 | Lair:4   | Found a transporter.
 13707 | Lair:4   | Found a transporter.
 13849 | Lair:5   | Entered Level 5 of the Lair of Beasts
 14177 | Lair:5   | Paralysed by a hornet for 2 turns
 14536 | Lair:5   | Noticed Josephine
 14550 | Lair:5   | Killed Josephine
 14795 | Lair:5   | Found a staircase to the Slime Pits.
 14797 | Lair:5   | Found a viscous altar of Jiyva.
 15041 | Lair:5   | Reached XP level 14. HP: 133/146 MP: 13/13
 15367 | Lair:5   | Found a burning altar of Makhleb.
 15894 | Lair:5   | Received a gift from Trog
 16022 | Lair:5   | Found a gateway to Hell.
 16323 | Orc:1    | Entered Level 1 of the Orcish Mines
 16323 | Orc:1    | Noticed an orc warlord
 16340 | Orc:1    | Killed an orc warlord
 16401 | Orc:1    | Found a runed translucent gate.
 16401 | Orc:1    | Found a runed translucent gate.
 16401 | Orc:1    | Found an opulent altar of Gozag.
 16401 | Orc:1    | Found a runed translucent gate.
 16402 | Orc:1    | Noticed Rumaargh's ghost (journeyman NaFE)
 16403 | Orc:1    | Found Ysseda Xof's Assorted Antiques.
 16470 | Orc:1    | Noticed Erolcha
 16481 | Orc:1    | Killed Erolcha
 17022 | Orc:1    | Killed Rumaargh's ghost
 17084 | Orc:2    | Entered Level 2 of the Orcish Mines
 17142 | Orc:2    | Found a staircase to the Elven Halls.
 17582 | Orc:2    | Found Poinleh's General Store.
 17586 | Orc:2    | Found Gotec's Distillery.
 17668 | Orc:2    | Bought a scroll of identify for 26 gold pieces
 17668 | Orc:2    | Bought a scroll of identify for 26 gold pieces
 17699 | Orc:2    | Identified the +4 battleaxe of Qumemeas {heavy, Fly} (Trog
                  | gifted it to you on level 2 of the Orcish Mines)
 17699 | Orc:2    | Received a gift from Trog
 18494 | Orc:2    | Reached skill level 5 in Dodging
 18566 | Orc:2    | Paralysed by an orc sorcerer for 2 turns
 18627 | Orc:2    | Found Hirchodimi's Antique Armour Shop.
 18627 | Orc:2    | Found Hekekis's Jewellery Boutique.
 18628 | Orc:2    | Found a one-way gate leading to the halls of Pandemonium.
 18630 | Orc:2    | Bought the +2 hat of the Bear Spirit {Spirit, Bear, *Rage
                  | Will++} for 1326 gold pieces
 18630 | Orc:2    | Found the +2 hat of the Bear Spirit {Spirit, Bear, *Rage
                  | Will++}
 18822 | Spider:1 | Entered Level 1 of the Spider Nest
 19247 | Swamp:1  | Entered Level 1 of the Swamp
 19376 | Swamp:1  | Received a gift from Trog
 19377 | Swamp:1  | Reached XP level 15. HP: 155/155 MP: 9/14
 19439 | Swamp:1  | Found an ornate altar of the Wu Jian Council.
 19441 | Swamp:1  | Noticed a fenstrider witch
 19452 | Swamp:1  | Killed a fenstrider witch
 19478 | Swamp:1  | HP: 1/155 [poisoned by a swamp dragon (poison gas)]
 19480 | Swamp:1  | Succumbed to a swamp dragon's blast of poison

Illustrated notes

Levels and vault maps discovered:
D:1:      scummos_arrival_simple_fountains, layout_basic, minivault_27
D:2:      layout_rooms, serial_corexii_hall, chequers_hall_statues_y,
          corexii_hall_statues_s
D:3:      layout_rooms, mainiacjoe_overflow_boulevard, zin_academy,
          basic_ecumenical_altar, gup_sewer_entry_bowl
D:4:      layout_layer_cave, gammafunk_temple_overflow_statue, nzn_random_ring
D:5:      layout_loops_ring, mainiacjoe_overflow_alcove_2, old_standard_altar,
          minmay_temple_entry_trees, dk_vineyard_2
D:6:      minmay_polygon_palace, layout_basic, gammafunk_ghost_abyssal_escape
D:7:      layout_basic, serial_glass, glass_columns_a, glass_columns_c,
          item_on_display_a, minmay_strange_pillars, minmay_strange_pillars,
          enter_bailey_3
D:8:      layout_loops_cross, jmf_multi_god_temple, serial_shops,
          nicolae_shop_temple_entry_statues_fountains, nicolae_shop_statue_plus,
          nicolae_stop_n_shop_2, kennysheep_mini, nicolae_shop_firing_range
D:9:      layout_irregular_city, due_lair_maze_entry_diamond, orc_0_dummy,
          minmay_misc_feat_rows, uniq_harold
Lair:1:   layout_regular_city, infiniplex_staircase_pool, lemuel_fruit_tree
Lair:2:   layout_hall_layers, nicolae_swamp_entry_spooky, gammafunk_ghost_grave,
          chequers_serial_rivers_micro_a
Lair:3:   layout_cave_pods, nicolae_spider_entry_tight_spaces, basic_altar,
          ebering_ghost_reflecting_pool, eino_house_with_fridge,
          grunt_megastairs_4, lemuel_fruit_fields
Lair:4:   gammafunk_boulding_lane, layout_loops_ring, nicolae_lair_yak_garden
Lair:5:   evil_forest, layout_cave_pods, minmay_slime_entry_pillars,
          pdpol_lair_cavern_descent, serial_bayou_shore_b, uniq_josephine
Swamp:1:  layout_basic_swamp, basic_altar, swamp_pool1, roderic_carrion_pond
Spider:1: layout_cave_pods
Orc:1:    layout_diamond_mine, ebering_ghost_gozag, uniq_erolcha
Orc:2:    pf_orc_diabolical, layout_diamond_mine

Skill      XL: |  1  2  3  4  5  6  7  8  9 10 11 12 13 14 15 |
---------------+----------------------------------------------+-----
Fighting       | 4 5 6 7 8 10 12 14 17 19 20 | 20.2
Axes           | 4 5 6 7 8 10 12 14 17 19 20 | 20.2
Armour         | 12 13 | 13.1
Dodging        | 7 |  7.6

Action                     |  1- 3 |  4- 6 |  7- 9 | 10-12 | 13-15 || total
---------------------------+-------+-------+-------+-------+-------++-------
  Melee: Hand axe          |    48 |       |       |       |       ||    48
         Headbutt          |     9 |    14 |    26 |    57 |   121 ||   227
         War axe           |    17 |    87 |   128 |       |       ||   232
         Punch             |     1 |     1 |       |       |       ||     2
         Battleaxe         |       |       |    13 |   277 |   520 ||   810
 Invoke: Berserk           |       |     2 |     2 |     9 |     9 ||    22
         Trog's Hand       |       |     1 |     1 |     4 |     7 ||    13
         Brothers in Arms  |       |       |     1 |       |       ||     1
  Evoke: Wand              |       |       |       |     5 |     6 ||    11
    Use: Potion            |       |     1 |     1 |       |     3 ||     5
         Scroll            |       |       |     6 |     3 |    11 ||    20
   Stab: Distracted        |       |       |       |       |     1 ||     1
 Armour: Animal skin       |     9 |       |       |       |       ||     9
         Scale mail        |     6 |    31 |     7 |       |       ||    44
         Plate armour      |       |       |    52 |     8 |       ||    60
         Chain mail        |       |       |       |   120 |   199 ||   319
  Dodge: Dodged            |    30 |    35 |    60 |   157 |   199 ||   481
  Block: Other             |       |       |       |       |    78 ||    78
         Reflection        |       |       |       |       |     3 ||     3

Table legend: (Time is in decaauts)
 A = Elapsed time spent in this place.
 B = Non-inter-level travel time spent in this place.
 C = Inter-level travel time spent in this place.
 D = Time resting spent in this place.
 E = Time spent auto-exploring this place.
 F = Levels seen in this place.
 G = Mean time per level.
                   A        B        C        D        E       F      G
               +--------+--------+--------+--------+--------+-----+--------+
         Total |  19779 |  18909 |    870 |   3568 |  11911 |  20 |  989.0 |
       Dungeon |   8193 |   7857 |    336 |    466 |   5967 |   9 |  910.3 |
          Lair |   7380 |   6956 |    424 |   1896 |   4065 |   5 | 1476.0 |
         Swamp |    255 |    255 |      0 |     95 |     80 |   1 |  255.0 |
   Spider Nest |    339 |    339 |      0 |    213 |     63 |   1 |  339.0 |
  Orcish Mines |   2340 |   2232 |    108 |    696 |   1102 |   2 | 1170.0 |
         Sewer |    720 |    720 |      0 |     44 |    504 |   1 |  720.0 |
        Bailey |    549 |    549 |      0 |    155 |    129 |   1 |  549.0 |
               +--------+--------+--------+--------+--------+-----+--------+

Top non-repeatable levels by time:
  Lair:5: 2256 daAuts
  Lair:3: 1956 daAuts
   Orc:2: 1575 daAuts
     D:9: 1317 daAuts
     D:4: 1274 daAuts
  Lair:1: 1180 daAuts
  Lair:4: 1059 daAuts
     D:1: 964 daAuts
  Lair:2: 927 daAuts
     D:6: 927 daAuts
     D:8: 888 daAuts
     D:5: 856 daAuts
     D:7: 815 daAuts
   Orc:1: 765 daAuts
   Sewer: 720 daAuts
